 Dungeon Crawl Stone Soup version 0.29.0-11-gd7f09526c8 (webtiles) character file.

Game seed: 15547159269046643286

1195 pacmanke6689 the Slasher (level 8, -1/58 HPs)
             Began as a Demonspawn Gladiator on Sept 3, 2022.
             Was an Initiate of Yredelemnul.
             Killed from afar by an electric eel (9 damage)
             ... with a bolt of electricity
             ... on level 8 of the Dungeon.
             The game lasted 00:35:28 (9385 turns).

pacmanke6689 the Slasher (Demonspawn Gladiator)     Turns: 9385, Time: 00:35:30

Health: -1/58      AC:  9    Str: 20    XL:     8   Next: 20%
Magic:  0/11       EV: 14    Int: 15    God:    Yredelemnul [......]
Gold:   402        SH:  4    Dex: 18    Spells: 8/11 levels left

rFire   . . .      SeeInvis .   a - +3 long sword
rCold   . . .      Faith    .   (no shield)
rNeg    . . .      Spirit   +   b - +2 leather armour
rPois   .          Reflect  .   c - +0 helmet
rElec   .          Harm     .   k - +2 cloak {Will+}
rCorr   .          Rampage  .   (no gloves)
Will    +....                   (no boots)
Stlth   +.........              (no amulet)
HPRegen 0.19/turn               f - +6 ring of strength
MPRegen 0.24/turn               C - +6 ring of intelligence

@: very slow
A: hooves 1, large bone plates 1, magic shield, magic regeneration
a: Renounce Religion, Recall Undead Harvest


You were on level 8 of the Dungeon.
You worshipped Yredelemnul.
Yredelemnul was noncommittal.
You visited 2 branches of the dungeon, and saw 9 of its levels.

You collected 402 gold pieces.

Inventory:

Hand Weapons
 a - a +3 long sword (weapon)
Missiles
 e - a javelin (quivered)
Armour
 b - a +2 leather armour (worn)
 c - a +0 helmet (worn)
 k - a +2 cloak of willpower (worn)
Jewellery
 f - a +6 ring of strength (left hand)
 g - the ring "Akagaaw" {rC+ Will+}
   (You found it on level 2 of the Dungeon)

   [ring of willpower]

   rC:        It protects you from cold.
   Will:      It increases your willpower.
 x - a ring of resist corrosion
 C - a +6 ring of intelligence (right hand)
Wands
 p - a wand of charming (14)
 B - a wand of digging (2)
Scrolls
 j - 3 scrolls of amnesia
 r - 5 scrolls of magic mapping
 v - 2 scrolls of fog
 A - a scroll of fear
Potions
 d - 2 potions of magic
 h - 2 potions of mutation
 i - 2 potions of might
 l - a potion of cancellation {unknown}
 m - 2 potions of haste
 n - a potion of flight {unknown}
 o - 3 potions of degeneration
 s - 2 potions of attraction {unknown}
 t - a potion of invisibility {unknown}
 u - 2 potions of curing
 D - a potion of lignification {unknown}


   Skills:
 + Level 3.4 Fighting
 + Level 6.9 Long Blades
 - Level 1.8 Throwing
 + Level 2.5 Armour
 + Level 4.3 Dodging
 + Level 2.4 Spellcasting
 + Level 2.0 Conjurations
 + Level 0.1 Invocations


You had 8 spell levels left.
You knew the following spells:

 Your Spells              Type           Power      Damage    Failure   Level
a - Magic Dart            Conj           32%        1d4       11%         1
b - Call Imp              Summ           1%         N/A       36%         2

Your spell library contained the following spells:

 Spells                   Type           Power      Damage    Failure   Level
 Mephitic Cloud           Conj/Pois/Air  3%         N/A       50%         3
 Cause Fear               Hex            0%         N/A       94%         4
 Borgnjor's Vile Clutch   Necr/Erth      0%         N/A       100%        5
 Dragon Form              Tmut           0%         N/A       100%        7
 Dragon's Call            Summ           0%         N/A       100%        9
 Animate Dead             Necr           Unusable   N/A       N/A         4
 Death Channel            Necr           Unusable   N/A       N/A         6

Dungeon Overview and Level Annotations

Branches:
Dungeon (8/15)             Temple (1/1) D:5
   Lair: D:8-11

Altars:
Ashenzari
Cheibriados
Dithmenos
Fedhas
Gozag
Hepliaklqana
Kikubaaqudgha
Makhleb
Nemelex Xobeh
Okawaru
Qazlal
Ru
Trog
Uskayaw
Vehumet
Wu Jian
Xom
Yredelemnul

Shops:
D:3 :   D:4 (

Annotations:
D:8 Maggie


Innate Abilities, Weirdness & Mutations

You have large cloven feet.
You are partially covered in large bone plates. (SH +4)
When hurt, damage is shared between your health and your magic reserves.
You regenerate magic rapidly.


Message History

You feel much better.
The electric eel shoots out a bolt of lightning at you!
The bolt of electricity hits you! x2
* * * LOW HITPOINT WARNING * * *
Your orc wizard zombie completely misses the electric eel.
You feel much better.
The electric eel shoots out a bolt of lightning at you!
The bolt of electricity hits you! x2
You feel much better.
Your orc wizard zombie misses the electric eel.
You barely miss the electric eel.
The electric eel is lightly wounded.
The electric eel shoots out a bolt of lightning at you!
The bolt of electricity hits you. The bolt of electricity hits you!
Your orc wizard zombie closely misses the electric eel.
Your unstable footing causes you to fumble your attack.
The electric eel shoots out a bolt of lightning at you!
The bolt of electricity misses you. The bolt of electricity hits you.
Your orc wizard zombie closely misses the electric eel.
Your unstable footing causes you to fumble your attack.
Your orc wizard zombie hits the electric eel but does no damage.
You slash the electric eel! Your kick misses the electric eel.
The electric eel is severely wounded.
Your orc wizard zombie hits the electric eel but does no damage.
The electric eel shoots out a bolt of lightning at you!
The bolt of electricity hits you! x2
* * * LOW HITPOINT WARNING * * *
You feel much better.
Your orc wizard zombie closely misses the electric eel.
Your unstable footing causes you to fumble your attack.
The electric eel shoots out a bolt of lightning at you!
The bolt of electricity hits you! The bolt of electricity hits you.
Your unstable footing causes you to fumble your attack.
Your orc wizard zombie hits the electric eel.
The electric eel shoots out a bolt of lightning at you!
The bolt of electricity hits you!
* * * LOW HITPOINT WARNING * * *
The bolt of electricity hits you!
You die...
Your body rises from the dead as a mindless zombie.

........# #(..)##.#
.....#)####.......##..#.
######.###......$.......
###.).##........~...~..
#.....#.........~~~....
....##..........≈~~~~~..
..## ##.#......Z≈~~~~~..
. #.#.......S≈~~~~..
#.........@≈~~....
##.#.......~≈.....
#....<...........
##############... ##


You could see an electric eel (ally target) and a friendly orc wizard zombie.

Vanquished Creatures
  A wraith (D:6)
  A steam dragon (D:7)
  Duvessa (D:7)
  A scorpion (D:4)
  Dowan (D:7)
  4 howler monkeys
  A hound (D:6)
  An iguana (D:5)
  An orc wizard (D:8)
  9 adders
  3 gnolls
  A shadow imp (D:6)
  A white imp (D:8)
  2 ufetubi
  2 dart slugs
  13 orcs
  10 ball pythons
  6 endoplasms
  3 giant cockroaches
  7 goblins
  4 hobgoblins
  4 jackals (D:1)
  6 quokkas
  4 bats
  5 frilled lizards
  6 kobolds
  7 rats
105 creatures vanquished.

Vanquished Creatures (collateral kills)
  An ice beast (D:7)
  An ogre (D:7)
  A bullfrog (D:7)
3 creatures vanquished.

Vanquished Creatures (others)
  2 elf zombies (D:7)
  2 orcs (D:4)
  2 spectral ufetubi
6 creatures vanquished.

Grand Total: 114 creatures vanquished

Notes
Turn   | Place    | Note
-------+----------+-------------------------------------------
     0 | D:1      | pacmanke6689 the Demonspawn Gladiator began the quest for
                  | the Orb.
     0 | D:1      | Reached XP level 1. HP: 16/16 MP: 1/1
   164 | D:1      | Reached skill level 3 in Long Blades
   397 | D:1      | Gained mutation: You regenerate magic rapidly. [demonic
                  | ancestry]
   397 | D:1      | Reached XP level 2. HP: 22/22 MP: 2/2
  1168 | D:2      | Reached XP level 3. HP: 11/27 MP: 3/3
  2100 | D:2      | Reached skill level 1 in Armour
  2111 | D:2      | Identified the ring "Akagaaw" {rC+ Will+}
  2332 | D:2      | Gained mutation: You are partially covered in large bone
                  | plates. (SH +4) [demonic ancestry]
  2332 | D:2      | Reached XP level 4. HP: 33/33 MP: 4/4
  2367 | D:2      | Learned a level 1 spell: Magic Dart
  2608 | D:3      | Found Fucraloi's Book Boutique.
  3145 | D:3      | Found a stormy altar of Qazlal.
  3604 | D:3      | Found a sparkling altar of Nemelex Xobeh.
  3982 | D:4      | Noticed a scorpion
  3989 | D:3      | Reached skill level 4 in Long Blades
  4021 | D:4      | Gained mutation: You have large cloven feet. [demonic
                  | ancestry]
  4021 | D:4      | Reached XP level 5. HP: 38/38 MP: 6/6
  4035 | D:4      | Reached skill level 1 in Spellcasting
  4047 | D:4      | Reached skill level 1 in Conjurations
  4376 | D:4      | Found Heurar's Weapon Shop.
  4731 | D:4      | Gained mutation: When hurt, damage is shared between your
                  | health and your magic reserves. [demonic ancestry]
  4731 | D:4      | Reached XP level 6. HP: 44/44 MP: 8/8
  4999 | D:5      | Entered Level 5 of the Dungeon
  5435 | D:5      | Found a staircase to the Ecumenical Temple.
  5634 | Temple   | Entered the Ecumenical Temple
  5997 | Temple   | Became a worshipper of Yredelemnul the Dark
  6351 | D:6      | Reached skill level 5 in Long Blades
  6974 | D:6      | Noticed a wraith
  6993 | D:6      | Killed a wraith
  6994 | D:6      | Reached XP level 7. HP: 19/50 MP: 4/10
  7775 | D:5      | Found a burning altar of Makhleb.
  7775 | D:5      | Found a blossoming altar of Fedhas.
  7782 | D:5      | Found a shimmering altar of Xom.
  7784 | D:5      | Found a bloodstained altar of Trog.
  8153 | D:7      | Noticed Duvessa
  8156 | D:7      | Noticed Dowan
  8170 | D:7      | Killed Duvessa
  8173 | D:7      | Killed Dowan
  8173 | D:7      | Reached * piety under Yredelemnul
  8174 | D:7      | Reached skill level 6 in Long Blades
  8385 | D:7      | Your ally Dowan died
  8393 | D:7      | Your ally Duvessa died
  8475 | D:7      | Learned a level 2 spell: Call Imp
  8803 | D:7      | Noticed a steam dragon
  8821 | D:7      | Killed a steam dragon
  8822 | D:7      | Reached XP level 8. HP: 35/58 MP: 5/11
  9085 | D:8      | Noticed Maggie
  9375 | D:8      | HP: 1/58 [electric eel/bolt of electricity (4)]
  9385 | D:8      | Killed from afar by an electric eel

Illustrated notes

Levels and vault maps discovered:
D:1:      spicycebolla_arrival_ecumenical, layout_loops_corners
D:2:      minmay_wonky_spiral, layout_basic
D:3:      layout_basic, nicolae_qazlal_scattered_showers,
          nemelex_spade_bored_becter, serial_shops, nicolae_diamond_shop,
          kennysheep_generic_room_3
D:4:      layout_rooms, serial_shops, nicolae_square_shop, lemuel_flame_loot_1
D:5:      layout_basic, chequers_temple_overflow_minitemple,
          nicolae_elyvilon_peaceful_grove, minmay_temple_entry_slanted
D:6:      layout_layer_cave
D:7:      layout_gridville, uniq_duvessa
D:8:      layout_cave_pods, serial_ice, serial_ice_c, serial_ice_g,
          serial_ice_i, serial_ice_f, serial_ice_b, serial_ice_o, serial_ice_d,
          minivault_11, dreamdust_gnoll_shepherd, uniq_erica, uniq_maggie
Temple:   oiseaux_autumnal_temple

Skill      XL: |  1  2  3  4  5  6  7 |
---------------+----------------------+-----
Long Blades    | 3 4 5 6 |  6.9
Dodging        | 3 4 |  4.3
Armour         | 1 2 |  2.5
Spellcasting   | 1 2 |  2.4
Conjurations   | 1 2 |  2.0
Fighting       | 3 |  3.4
Throwing       | |  1.8
Invocations    | |  0.1

Action                   |  1- 3 |  4- 6 |  7- 9 || total
-------------------------+-------+-------+-------++-------
Melee: Long sword        |   118 |   154 |    70 ||   342
       Punch             |     1 |     2 |       ||     3
       Kick              |       |    26 |    19 ||    45
Throw: Javelin           |     3 |       |       ||     3
 Cast: Magic Dart        |       |    28 |       ||    28
       Call Imp          |       |       |     3 ||     3
Invok: Recall Undead Har |       |       |     2 ||     2
  Use: Scroll            |     4 |     5 |    13 ||    22
       Potion            |       |     1 |    11 ||    12
 Stab: Sleeping          |     1 |       |       ||     1
Armor: Leather armour    |    45 |    71 |    34 ||   150
Dodge: Dodged            |    86 |   109 |    51 ||   246
Block: Other             |       |    23 |    13 ||    36
